 Dungeon Crawl Stone Soup version 0.14-a0-2017-g4a4604d (webtiles) character file.

1101 M4edhros the Covert (level 8, -2/46 HPs)
             Began as an Octopode Wanderer on Jan 19, 2014.
             Slain by an orc
             ... wielding a -1,+0 orcish trident
              (7 damage)
             ... on Level 6 of the Dungeon.
             The game lasted 00:10:30 (5958 turns).

M4edhros the Covert (Octopode Wanderer)             Turns: 5958, Time: 00:10:30

HP  -2/46        AC  1     Str 10      XL: 8   Next:  7%
MP  10/10        EV 17     Int 23      God:
Gold 201         SH  0     Dex 16      Spells:  1 memorised,  6 levels left

rFire  . . .     SeeInvis .     r - +3,+2 short sword
rCold  . . .     Clarity  .     (no shield)
rNeg   . . .     Conserve .     (helmet restricted)
rPois  .         rCorr    .     (no amulet)
rElec  .         rRot     .     k - +5 ring of intelligence
SustAb . .       Spirit   .     (no ring)
rMut   .         Warding  .     (no ring)
Saprov . . .     Stasis   .     (no ring)
MR     .....                    (no ring)
                                (no ring)
                                (no ring)
                                (no ring)

@: agile, not resistant to hostile enchantments, extraordinarily stealthy
A: almost no armour, amphibious, 8 rings, constrict 8, camouflage 1, gelatinous
body 1
a: no special abilities


You were on level 6 of the Dungeon.
You were near starving.

You visited 1 branch of the dungeon, and saw 6 of its levels.

You collected 201 gold pieces.

Inventory:

Hand weapons
 d - a +0,+0 dagger
 n - a +0,+0 spear
 r - a +3,+2 short sword (weapon)
 t - a +0,+0 orcish glaive
Missiles
 s - 8 javelins (quivered)
 v - 3 tomahawks of returning
Magical devices
 b - a wand of paralysis (0)
Comestibles
 f - 2 bread rations
 g - an orange
 h - 2 apples
 l - a meat ration
 o - a lychee
Scrolls
 a - a scroll of noise
 e - 2 scrolls of remove curse {unknown}
 i - 3 scrolls of identify
 j - 2 scrolls of magic mapping
 p - a scroll of enchant weapon I
Jewellery
 k - a +5 ring of intelligence (left tentacle)
Potions
 m - a potion of magic


   Skills:
 - Level 1.0 Short Blades
 - Level 1.0 Throwing
 - Level 2.0 Dodging
 + Level 12.2 Stealth
   Level 2.0 Summonings
 - Level 3.0 Fire Magic
   Level 1.0 Invocations


You had 6 spell levels left.
You knew the following spells:

 Your Spells              Type           Power        Failure   Level  Hunger
a - Flame Tongue          Conj/Fire      #....        10%         1    ##.....


Dungeon Overview and Level Annotations

Branches:
Dungeon (6/16)             Temple (0/1) D:5

Altars:
Kikubaaqudgha
Makhleb
Trog


Innate Abilities, Weirdness & Mutations

You cannot wear most types of armour.
You are amphibious.
You can wear up to eight rings at the same time.
You can use your tentacles to constrict many enemies at once.
Your skin changes colour to match your surroundings (Stlth).
Your rubbery body absorbs attacks (AC +1).


Message History

You constrict the orc priest, but do no damage.
The orc priest closely misses you.
You hit the orc priest but do no damage.
The orc priest is severely wounded.
You constrict the orc priest.
The orc priest hits you but does no damage.
You hit the orc priest.
The orc priest is almost dead.
You constrict the orc priest, but do no damage.
The orc priest misses you.
You hit the orc priest.
You kill the orc priest!
You hit the orc. Your grab misses the orc.
The orc is heavily wounded.
The orc hits you.
* * * LOW HITPOINT WARNING * * *
You hit the orc.
You kill the orc!
The orc hits you from afar with an orcish trident!
You die...

#.# #........<.# #.#
#..........# #.#
#..........# ###### #.#
#..........# ......# #.#
#..........# .......# #.#
#.......[..# #.......# #.#
#..........# ........# #.#
#####.##.### #..o....# #@#
#.##.#
##..o....###[########[##.#
...........o........).##.#
####.#######.###########.#
#.# #.# #.# #.# #.# . #.#
...


You could see an orc.

Vanquished Creatures
  The ghost of M4edhros the Quickloader, an experienced OpWn (D:5)
  2 ogres (D:5)
  2 crimson imps
  2 orc priests (D:6)
  5 worker ants
  Jessica (D:2)
  A hound skeleton (D:5)
  6 gnolls
  7 adders
  A giant mite (D:5)
  2 worms
  An adder skeleton (D:5)
  A giant gecko (D:4)
  5 orcs
  A ball python (D:1)
  6 bats
  2 giant cockroaches
  3 goblins
  3 hobgoblins
  A quokka (D:5)
  3 giant newts (D:1)
  A goblin skeleton (D:4)
  A hobgoblin zombie (D:6)
  7 kobolds
  4 rats
69 creatures vanquished.

Notes
Turn   | Place    | Note
--------------------------------------------------------------
     0 | D:1      | M4edhros, the Octopode Wanderer, began the quest for the Orb.
     0 | D:1      | Reached XP level 1. HP: 11/11 MP: 2/2
    79 | D:1      | Reached skill level 1 in Stealth
   345 | D:1      | Reached XP level 2. HP: 15/17 MP: 3/3
   709 | D:2      | Reached XP level 3. HP: 11/21 MP: 4/4
   710 | D:2      | Reached skill level 4 in Stealth
  1095 | D:2      | Noticed Jessica
  1105 | D:2      | Killed Jessica
  1105 | D:2      | Reached skill level 5 in Stealth
  1105 | D:2      | Reached XP level 4. HP: 14/27 MP: 5/5
  1503 | D:2      | Found a burning altar of Makhleb.
  1937 | D:3      | Reached skill level 6 in Stealth
  2096 | D:4      | Reached XP level 5. HP: 5/31 MP: 6/6
  2401 | D:4      | Found a bloodstained altar of Trog.
  2856 | D:4      | Reached skill level 7 in Stealth
  3457 | D:5      | Entered Level 5 of the Dungeon
  3541 | D:5      | HP: 1/31 [poisoned by a worker ant]
  3752 | D:5      | Noticed an ogre
  3761 | D:5      | Killed an ogre
  3761 | D:5      | Reached skill level 8 in Stealth
  3761 | D:5      | Reached XP level 6. HP: 36/36 MP: 7/7
  3855 | D:5      | Noticed an ogre
  3865 | D:5      | Killed an ogre
  3865 | D:5      | Reached skill level 9 in Stealth
  4423 | D:5      | Reached XP level 7. HP: 27/41 MP: 9/9
  4443 | D:5      | Noticed M4edhros' ghost (experienced OpWn)
  4495 | D:5      | Killed M4edhros' ghost
  4495 | D:5      | Reached skill level 11 in Stealth
  4752 | D:5      | Found a staircase to the Ecumenical Temple.
  5580 | D:6      | Found an ancient bone altar of Kikubaaqudgha.
  5648 | D:6      | Reached skill level 12 in Stealth
  5948 | D:6      | Reached XP level 8. HP: 13/46 MP: 10/10
  5958 | D:6      | Slain by an orc

Action                   |  1- 3 |  4- 6 |  7- 9 || total
-------------------------+-------+-------+-------++-------
Melee: Dagger            |    13 |    11 |       ||    24
       Spear             |    28 |    83 |       ||   111
       Short sword       |       |     5 |    67 ||    72
 Cast: Flame Tongue      |       |     1 |       ||     1
Evoke: Wand              |       |     4 |     8 ||    12
  Use: Potion            |     2 |     4 |     5 ||    11
       Scroll            |       |     7 |     1 ||     8
 Stab: Sleeping          |     5 |    14 |     3 ||    22
       Paralysed         |       |     6 |     2 ||     8
       Distracted        |       |     1 |       ||     1
